Map: Orbital Shipyard

Players

State

  • Race: Protoss Protoss
  • League: Grandmaster

중추석 (Seed) - Winner!

  • Race: Protoss Protoss
  • League: Grandmaster

VOD

Have the link to the VOD?

Description

Time

  • Played on: Nov. 24, 2015, 11:27 p.m.
  • Length: 9:59
Show
View Real Time Build Order
Export as new Build Order

State Protoss 

Build Orders: 1 Gate Expand, Blink Stalkers 

Get SALT Encoding   

  12  0:01  Probe (Chrono Boost)  
  13  0:11  Probe (Chrono Boost)  
  14  0:18  Pylon  
  14  0:23  Probe (Chrono Boost)  
  15  0:36  Probe (Chrono Boost)  
  15  0:37  Gateway  
  16  0:47  Probe (Chrono Boost)  
  16  0:48  Assimilator  
  17  0:57  Probe (Chrono Boost)  
  18  1:08  Probe (Chrono Boost)  
  19  1:18  Nexus  
  19  1:22  Probe (Chrono Boost)  
  20  1:31  Cybernetics Core  
  20  1:33  Probe (Chrono Boost)  
  21  1:42  Assimilator  
  21  1:44  Probe (Chrono Boost)  
  22  1:49  Pylon  
  22  1:55  Probe (Chrono Boost)  
  23  2:08  Mothership Core (Chrono Boost), Adept  
  27  2:25  Warp Gate  
  27  2:26  Probe (Chrono Boost)  
  28  2:31  Probe (Chrono Boost)  
  28  2:37  Probe (Chrono Boost)  
  32  2:38  Stalker  
  32  2:42  Probe (Chrono Boost)  
  33  2:45  Twilight Council  
  33  2:47  Probe (Chrono Boost)  
  34  2:52  Probe (Chrono Boost)  
  34  2:58  Probe (Chrono Boost)  
  36  3:03  Probe (Chrono Boost)  
  37  3:08  Stalker, Probe (Chrono Boost)  
  40  3:13  Probe (Chrono Boost)  
  40  3:19  Probe (Chrono Boost)  
  42  3:23  Probe (Chrono Boost)  
  42  3:24  Pylon, Blink (Chrono Boost)  
  43  3:29  Probe  
  43  3:33  Probe  
  44  3:39  Pylon  
  45  3:41  Probe  
  45  3:43  Stalker  
  45  3:44  Probe  
  49  3:52  Gateway  
  49  3:54  Probe, Gateway  
  48  3:57  Robotics Facility  
  48  3:58  Probe  
  49  4:06  Probe  
  49  4:08  Assimilator  
  50  4:12  Gateway  
  50  4:13  Gateway  
  50  4:20  Probe  
  50  4:21  Probe  
  52  4:25  Dark Shrine, Assimilator  
  52  4:30  Probe  
  52  4:31  Pylon  
  52  4:33  Probe  
  52  4:37  Stalker  
  56  4:43  Gateway  
  56  4:44  Gateway  
  56  4:49  Pylon, Warp Prism  
  57  4:56  Probe x2  
  60  5:00  Stalker  
  60  5:05  Stalker  
  64  5:09  Stalker  
  64  5:12  Probe  
  67  5:16  Stalker  
  67  5:19  Stalker  
  71  5:23  Observer  
  71  5:26  Stalker  
  74  5:33  Pylon  
  74  5:35  Pylon  
  74  5:41  Stalker x2  
  74  5:42  Stalker  
  78  5:56  Stalker x3  
  84  6:04  Pylon  
  84  6:09  Dark Templar  
  86  6:12  Dark Templar  
  86  6:13  Zealot x2  
  91  6:32  Pylon  
  91  6:33  Pylon  
  91  6:34  Pylon x2  
  91  6:52  Dark Templar x2  
  91  6:53  Dark Templar  
  86  6:56  Zealot x4  
  86  6:57  Probe x2  
  91  7:13  Probe  
  91  7:15  Probe  
  85  7:19  Warp Prism  
  81  7:25  Probe  
  81  7:32  Stalker x2  
  81  7:36  Pylon  
  85  7:38  Pylon  
  85  7:40  Stalker  
  86  7:46  Forge  
  86  7:54  Stalker x3, Mothership Core  
  86  7:56  Stalker x2  
  86  7:57  Stalker  
  100  8:05  Pylon  
  100  8:06  Pylon  
  100  8:08  Warp Prism  
  100  8:24  Stalker x4  
  82  8:49  Stalker x6  
  82  8:53  Stalker  
  67  9:12  Probe  
  67  9:14  Stalker x4  
  76  9:24  Observer  
  76  9:30  Stalker x2  
  53  9:46  Stalker x3  
Show
View Real Time Build Order
Export as new Build Order

중추석 Protoss - Winner!

Build Orders: Nexus First, Blink Stalkers 

Get SALT Encoding   

  12  0:00  Probe (Chrono Boost)  
  13  0:15  Pylon  
  13  0:17  Probe (Chrono Boost)  
  14  0:28  Probe (Chrono Boost)  
  15  0:38  Probe (Chrono Boost)  
  16  0:49  Probe (Chrono Boost)  
  17  0:58  Nexus  
  17  1:01  Probe (Chrono Boost)  
  18  1:12  Probe (Chrono Boost)  
  18  1:16  Gateway  
  19  1:23  Assimilator  
  19  1:25  Probe (Chrono Boost)  
  20  1:28  Assimilator  
  20  1:35  Probe (Chrono Boost)  
  21  1:42  Pylon  
  21  1:46  Probe (Chrono Boost)  
  22  1:56  Probe (Chrono Boost)  
  23  2:05  Cybernetics Core  
  23  2:07  Probe (Chrono Boost)  
  24  2:10  Probe (Chrono Boost)  
  25  2:17  Probe (Chrono Boost)  
  25  2:21  Probe (Chrono Boost)  
  27  2:27  Warp Gate  
  27  2:28  Probe (Chrono Boost)  
  28  2:31  Probe (Chrono Boost)  
  29  2:38  Probe (Chrono Boost)  
  29  2:41  Stalker (Chrono Boost)  
  29  2:42  Probe (Chrono Boost)  
  33  2:50  Mothership Core  
  35  2:52  Twilight Council  
  35  2:55  Probe  
  36  3:06  Gateway  
  36  3:08  Stalker (Chrono Boost), Probe  
  36  3:11  Probe  
  40  3:20  Probe, Gateway  
  40  3:22  Gateway  
  40  3:26  Probe  
  42  3:32  Probe  
  42  3:33  Pylon  
  43  3:36  Stalker (Chrono Boost)  
  43  3:40  Robotics Facility  
  45  3:42  Probe  
  45  3:45  Blink (Chrono Boost)  
  46  3:51  Probe  
  46  3:54  Probe  
  48  3:56  Assimilator x2  
  48  4:02  Stalker  
  50  4:03  Probe  
  50  4:09  Pylon  
  51  4:17  Probe x2  
  53  4:25  Gateway  
  53  4:26  Gateway  
  53  4:28  Warp Prism (Chrono Boost)  
  53  4:29  Gateway  
  53  4:34  Gateway  
  53  4:36  Probe  
  56  4:41  Stalker  
  56  4:43  Stalker  
  60  4:52  Pylon  
  60  4:53  Pylon  
  60  4:54  Stalker  
  62  5:08  Observer  
  62  5:10  Pylon  
  62  5:11  Stalker x2  
  67  5:29  Stalker x5  
  77  5:39  Stalker  
  77  5:40  Stalker  
  81  5:49  Pylon  
  81  6:01  Pylon  
  81  6:03  Stalker  
  81  6:04  Stalker  
  85  6:07  Stalker x2  
  85  6:08  Stalker x2  
  91  6:27  Stalker x3  
  97  6:33  Pylon  
  97  6:34  Pylon  
  97  6:44  Observer  
  87  6:54  Adept x3  
  80  7:23  Stalker x4  
  88  7:31  Probe x2  
  90  7:38  Observer  
  91  7:45  Stalker x2  
  91  7:47  Stalker  
  91  7:49  Probe  
  98  7:58  Probe  
  99  8:01  Probe  
  100  8:20  Stalker  
  100  8:23  Pylon  
  100  8:24  Pylon  
  102  8:27  Pylon  
  102  8:32  Pylon  
  90  8:43  Stalker  
  90  8:44  Stalker x4  
  94  8:48  Stalker  
  86  8:57  Stalker  
  80  9:10  Observer  
  75  9:18  Stalker x3  
  75  9:19  Zealot x2  
Tags
 
Add a new tag
Caveats
  • Supply blocks, unpowered buildings, or Contaminate may cause inaccurate times.
  • Supply counts are checked every 10 seconds.